[Event "67th Mexican-ch Open 2022"]
[Site "Chihuahua"]
[Date "2022.04.16"]
[Round "7.22"]
[White "Kowalski Davila, Emilio Luis"]
[Black "Palma Villanueva, Miguel Ta"]
[Result "0-1"]
[ECO "E90"]
[WhiteElo "1735"]
[BlackElo "2210"]
[Annotator "TA"]
[PlyCount "174"]
[EventDate "2022.04.12"]
[EventType "swiss"]
[EventCountry "MEX"]
[SourceTitle "playchess.com"]
[Source "ChessBase"]
[SourceQuality "1"]
[TimeControl "5400+30"]

1. d4 Nf6 2. c4 g6 3. Nf3 Bg7 4. Nc3 O-O 5. e4 d6 6. h3 c5 7. d5 e6 8. Bd3 exd5 9. exd5 Na6 10. O-O $1 Nc7 {[%emt 0:00:37] E90: King's Indian: Classical: Early deviations and 6 h3.} 11. a4 Rb8 12. Bg5 h6 {[%emt 0:07:36] [#] White is better.} 13. Bf4 $146 ({Predecessor:} 13. Be3 b6 14. Qd2 Kh7 15. g4 Ng8 16. Nh2 f5 17. Ne2 a6 18. Ra2 b5 19. axb5 axb5 {½-½ (39) Thorarinsson,P (2274)-Cajbel,M (2208) Warsaw 2016}) 13... Nh5 14. Bh2 a6 15. a5 b5 {[%emt 0:04:39] Against Na4} 16. axb6 Rxb6 17. Qd2 Bd7 18. Rfb1 Qc8 19. Ra3 Rd8 20. Qc2 Ne8 21. Nd2 Qb7 22. Kh1 Kh7 (22... Rb8 $14) 23. f4 $16 Rb8 24. b3 (24. f5 $142 gxf5 25. Bxf5+ Kg8 26. Bh7+ Kh8 27. Ra2) 24... Qc8 25. g4 Nhf6 26. Rg1 Nxg4 27. hxg4 $18 (27. Rxg4 Bxg4 28. hxg4 Qxg4 $11) 27... Bxg4 28. Rg3 Nf6 (28... Bf6 {was necessary.} 29. Nd1 Ng7) 29. Ra1 (29. f5 $18) 29... Nh5 $16 30. Re3 (30. Rg2 $1 $16) 30... Bd4 $14 31. Re7 R6b7 32. Rae1 (32. Bxg6+ $1 $16 Kh8 33. Rxf7 Rxf7 34. Bxf7) 32... Ng7 {[%emt 0:02:30][%cal Ob7b3] Chess con chili.} 33. Rxb7 Rxb7 34. Nce4 $1 Qd8 {[%emt 0:00:07] Hoping for ...f5.} 35. Bg3 $2 (35. Be2 $1 $14 {was forced to keep a grip.} Qh4 36. Qd1) 35... Nf5 $2 (35... Nh5 $19 36. Kg2 f5) 36. Kh2 (36. Kg2 $5 ) 36... Re7 37. Be2 Bxe2 (37... Nxg3 $11 {keeps the balance.} 38. Kxg3 (38. Bxg4 Nxe4 39. Rxe4 Rxe4 $17) 38... Bc8) 38. Rxe2 $16 Nxg3 (38... Rb7 $16 39. Qd3 h5) 39. Kxg3 $18 (39. Nxg3 $2 Rxe2+ 40. Kh3 Re3 $19) 39... f5 40. Nc3 Bxc3 (40... Kg8 $16 41. Nf3 Bf6 42. Rxe7 Qxe7) 41. Rxe7+ Qxe7 42. Qxc3 Qe1+ 43. Kf3 $1 Qh1+ $2 (43... g5 $16) 44. Ke2 Qh2+ 45. Ke3 $1 Qg1+ (45... g5 $142) 46. Ke2 $2 (46. Kd3 $18) 46... Qg4+ $2 (46... Qh2+ $1 $11 {and Black stays safe.} 47. Ke3 Qg1+ 48. Kd3 Qg3+ 49. Kc2 Qxf4) 47. Qf3 Qh4 (47... Qxf3+ 48. Nxf3 Kg7) 48. Nf1 $2 (48. b4) 48... Qf6 49. Qe3 Qh4 $2 (49... Kg7 50. Qe8 g5) 50. Nd2 Qg4+ (50... a5 $142 51. Qe6 Qxf4 52. Qf7+ Kh8 53. Qxg6 h5 54. Qxh5+ (54. Nf3 Qe4+ 55. Kd2 Qxf3 $11) 54... Kg7) 51. Kd3 Qh4 {[%emt 0:00:12] Prevents Qe7+.} 52. Kc3 $2 (52. b4) 52... Qf6+ 53. Kc2 $1 {[%emt 0:00:12][%cal Ob3b4] Strongly threatening b4!} g5 54. fxg5 hxg5 55. Nf3 (55. Nf1 $142) 55... f4 (55... Kh6 $142 56. Ne1 Kg6) 56. Qe4+ (56. Qe6 Kg7 57. Kd3 Qxe6 58. dxe6 g4 $16) 56... Kg7 57. Kd3 (57. Nh2 $18 {is more deadly.}) 57... g4 $16 {[%emt 0:01:04] [#]} 58. Nd2 {[%emt 0:01:08] Qe8 is the strong threat.} a5 (58... Kf8 $16 {is a better defense.} 59. Qh7 Qg5) 59. Kc2 ({White should play} 59. Qe8 $18) 59... Qg6 {[%emt 0:00:38] [#]} (59... Qf7 $16 {was called for.} 60. Kd3 g3) 60. Qxg6+ $1 $18 Kxg6 {[%emt 0:00:01][%mdl 4096] Endgame KN-KP} 61. Kd3 Kf5 62. Ne4 Ke5 $2 (62... g3 63. Nxd6+ Ke5) 63. Nf2 $2 ({White has to play} 63. Nc3 $18 Kf5 64. Ke2) 63... Kf5 $1 $11 (63... g3 $2 64. Ne4 $18) 64. Ke2 {[%emt 0:00:02] Black must now prevent Nd1.} g3 65. Nd3 {[%emt 0:01:59] Threatens to win with Kf3.} Ke4 (65... g2 $5 66. Kf2 f3 $11) 66. Nxc5+ $2 {[%emt 0:00:49][%mdl 8192] Black converts the advantage convincingly.} dxc5 {[%emt 0:00:11] KP-KP} 67. d6 {[%emt 0:00:06] Intending d7 and mate.} f3+ 68. Kf1 {[%emt 0:00:14] White threatens d7 and mate.} Ke3 69. d7 g2+ 70. Kg1 f2+ ({Don't blunder} 70... Ke2 $2 71. d8=Q f2+ 72. Kxg2 f1=Q+ 73. Kg3 (73. Kh2 $2 Qf4+ 74. Kg2 Qf3+ 75. Kh2 Qxb3 $19) 73... Qf3+ 74. Kh4 Qxb3 75. Qxa5 Qxc4+ 76. Kh5 $19) 71. Kxg2 $19 {[%emt 0:00:08] K3P-K3P} Ke2 72. d8=Q {[%emt 0:00:29] White wants to mate with Qe8+.} f1=Q+ {[%emt 0:00:06] KQ-KQ} 73. Kg3 Qf3+ 74. Kh4 Qxb3 75. Qd5 $2 (75. Qxa5 Qxc4+ 76. Kh5) 75... Qe3 76. Kg4 $2 (76. Qd7) 76... a4 77. Qg2+ Kd3 78. Kf5 {[%emt 0:00:51] Against Qe4+} Kxc4 79. Qc2+ Kb5 80. Qb2+ Qb3 81. Qe2+ Qc4 82. Qb2+ Qb4 83. Qe2+ Ka5 {[%emt 0:00:45] And now ...c4 would win.} 84. Qe5 a3 {[%emt 0:00:50][%cal Ba4a3,Ba3a2][%mdl 32] ( -> ...a2)} 85. Qd5 Qd4 86. Qb3 Qb2 87. Qc4 a2 {[%emt 0:00:18] Weighted Error Value: White=0.64/Black=0.58} 0-1

[Event "67th Mexican-ch Open 2022"]
[Site "Chihuahua"]
[Date "2022.04.16"]
[Round "7.23"]
[White "Gongora Montes, Benjamin"]
[Black "Villanueva De Leon, Vanessa"]
[Result "1-0"]
[ECO "A57"]
[WhiteElo "2157"]
[BlackElo "1729"]
[Annotator "TA"]
[PlyCount "53"]
[EventDate "2022.04.12"]
[EventType "swiss"]
[EventCountry "MEX"]
[SourceTitle "playchess.com"]
[Source "ChessBase"]
[SourceQuality "1"]
[TimeControl "5400+30"]

1. d4 Nf6 2. c4 c5 3. d5 b5 4. cxb5 g6 5. Nc3 Bg7 6. e3 O-O 7. Nf3 a6 8. a4 axb5 9. Bxb5 Ba6 10. O-O d6 11. Re1 Bxb5 12. Nxb5 Na6 13. e4 Nd7 14. Qe2 {[%emt 0:04:08] [#] &Bianco is more active. A57: Benko/Volga Gambit.} Nb4 $146 ({Predecessor:} 14... Nc7 15. Bg5 Nxb5 16. axb5 Rb8 17. Ra7 Re8 18. Rea1 Nb6 19. R1a6 Nc8 20. Ra8 Rb7 21. e5 dxe5 {0-1 (35) Ivanovic,M (2269)-Soto,M (2283) Corum 2019}) 15. Bg5 ({White should play} 15. Ra3 $16) 15... h6 ({Better is} 15... Nb6 $14) 16. Bf4 {[%emt 0:00:07][%cal Bg5f4,Bf4d2,Bd2c3][%mdl 32] White is better.} Qa5 (16... Nb6 $14) 17. Bd2 $1 $16 Rfb8 18. Bc3 c4 {[%emt 0:04:09] This move loses the game for Black.} (18... Bxc3 $16 19. bxc3 Nc2 20. Qxc2 Rxb5) 19. Nfd4 $18 ({But not} 19. Qxc4 $6 Bxc3 20. Qxc3 Rc8 $16) 19... Bxd4 (19... Rxb5 {is a better defense.} 20. Nxb5 Bxc3 21. bxc3 (21. Nxc3 Nd3 $18) 21... Nd3) 20. Nxd4 ({Worse is} 20. Bxd4 Rxb5 21. Qxc4 Rbb8 $17) 20... Qc5 $2 (20... Qd8 21. Bxb4 Rxb4) 21. Qd2 Kh7 22. Re3 Ne5 23. Rh3 h5 {[%emt 0:00:29] [#]} 24. Qg5 (24. Nf5 $142 $1 {[%mdl 512] Intending Qh6+ and mate.} Kg8 {[#]} 25. Qh6 $1 Qxf2+ 26. Kh1 Qxf5 27. exf5) 24... Nbd3 25. Rf1 {[%emt 0:02:49][%cal Od4f5] White threatens Nf5! and mate.} Nxb2 $2 {[%emt 0:03:12] [#]} (25... f6 $18 26. Qg3 Rg8) 26. Nf5 $1 Kg8 {[%emt 0:05:41] [#]} (26... Nf3+ 27. gxf3) 27. Qh6 $1 {[%emt 1:14:48] Weighted Error Value: White=0.43/Black=0.80} 1-0

[Event "67th Mexican-ch Open 2022"]
[Site "Chihuahua"]
[Date "2022.04.16"]
[Round "7.24"]
[White "Hernandez Jimenez, Alexander Andres"]
[Black "Arizpe, Frank"]
[Result "1-0"]
[ECO "B22"]
[WhiteElo "2167"]
[BlackElo "1274"]
[Annotator "TA"]
[PlyCount "95"]
[EventDate "2022.04.12"]
[EventType "swiss"]
[EventCountry "MEX"]
[SourceTitle "playchess.com"]
[Source "ChessBase"]
[SourceQuality "1"]
[TimeControl "5400+30"]

1. e4 c5 2. Nf3 Nc6 3. c3 d5 4. exd5 Qxd5 5. d4 Bg4 6. Be2 Nf6 7. O-O e6 8. Na3 cxd4 9. Nb5 Rc8 10. Nbxd4 Nxd4 11. Nxd4 Bxe2 12. Qxe2 Be7 13. Be3 O-O {[%emt 0:00:31] B22: Sicilian: 2 c3.} 14. Rfd1 a6 {[%emt 0:06:29] Inhibits Nb5.} 15. Nf3 Qc6 {[%emt 0:04:57] The position is equal.} 16. Bg5 Rfd8 {[%emt 0:02:58] [#]} 17. Ne5 $146 ({Predecessor:} 17. Rxd8+ Rxd8 18. Rd1 h6 19. Rxd8+ Bxd8 20. Qd3 Be7 21. Bxf6 Bxf6 22. g3 Qa4 23. a3 Qb3 24. Qd2 {0-1 (90) Gorsek,G (2123)-Mazi,L (2355) Sentjur 2013}) 17... Qc7 18. Bh4 Nd5 19. Bg3 {[%emt 0:01:54][%cal Oe5f7] [#] And now Nxf7! would win.} Qb6 20. c4 Nf6 21. b3 Rxd1+ 22. Rxd1 Rd8 23. h3 h6 24. Rd3 Rxd3 25. Qxd3 Qd8 26. Qf3 Qc8 27. Qd3 Qd8 28. Qf3 Qc8 29. Kf1 b5 30. Qd3 bxc4 31. Qxc4 Qb7 {[%emt 0:01:38] [#]} (31... Qd8 $11 {keeps the balance.} 32. Nd3 Qa5) 32. Qc6 $1 $16 {[%emt 0:01:50] Black is on the road to losing.} Qb5+ 33. Qxb5 {[%emt 0:00:12] &Bianco is more active.} axb5 {[%emt 0:00:01][%mdl 4096] Endgame KBN-KBN} 34. Nc6 Ba3 (34... Kf8 $16) 35. Nd4 $18 b4 36. Nc2 Nd5 37. Nxa3 bxa3 {[%emt 0:00:02] KB-KN} 38. Bd6 Nc3 39. Ke1 ({Resist} 39. Bxa3 $6 Nxa2 40. Ke2 Nc3+ 41. Kd3 Nd5 $18) 39... Nxa2 $2 (39... f5 40. Bxa3 Kf7) 40. Kd2 e5 41. Bxa3 (41. Kc2 $142 f5 42. Bxa3) 41... f5 42. Kc2 Kf7 43. Kb2 Ke6 44. Kxa2 h5 45. h4 Kd5 46. Kb2 f4 47. Kc3 e4 48. Bc1 {[%emt 0:00:19] Weighted Error Value: White=0.03 (flawless) /Black=0.43} 1-0

[Event "67th Mexican-ch Open 2022"]
[Site "Chihuahua"]
[Date "2022.04.16"]
[Round "7.25"]
[White "Guillen Cristobal, Sandra N"]
[Black "Ramirez Toledo, Ayleen Maribel"]
[Result "1-0"]
[ECO "B32"]
[WhiteElo "1933"]
[BlackElo "1810"]
[Annotator "TA"]
[PlyCount "133"]
[EventDate "2022.04.12"]
[EventType "swiss"]
[EventCountry "MEX"]
[SourceTitle "playchess.com"]
[Source "ChessBase"]
[SourceQuality "1"]
[TimeControl "5400+30"]

1. e4 c5 2. Nf3 Nc6 3. d4 cxd4 4. Nxd4 e5 5. Nb5 d6 6. c4 Be7 7. Be2 f5 {[%emt 0:04:53] is cutting edge theory. B32: Sicilian: Löwenthal and Kalashnikov Variations.} 8. N1c3 a6 9. Na3 Nf6 {[%emt 0:00:58] The position is equal.} 10. exf5 Bxf5 11. Be3 O-O 12. O-O Qd7 13. Nd5 Nxd5 {[%emt 0:02:37] [#]} 14. Qxd5+ $146 ({Predecessor:} 14. cxd5 Nd8 15. Nc4 Qe8 16. Nb6 Rb8 17. Rc1 Nf7 18. Bg4 g6 19. Bxf5 gxf5 20. Qh5 {0-1 (37) Aldokhin,I (2413)-Arakhamia Grant,K (2362) Chess.com INT 2021}) 14... Be6 15. Qd2 Rac8 16. Rad1 Nd8 17. b3 Nf7 18. Nb1 b5 19. cxb5 axb5 {[%emt 0:06:22] [#]} (19... d5 $1 $14) 20. Nc3 $1 $16 Rb8 21. Nd5 Rfd8 {[%emt 0:01:58] This costs Black the game.} (21... Bd8 $16) 22. Rc1 {[%emt 0:02:04] Threatens to win with Rc7.} Bxd5 23. Qxd5 Qb7 24. Bf3 Qxd5 25. Bxd5 Rdc8 (25... b4 $142 26. Rc7 Kf8) 26. Ba7 $18 {[%emt 0:01:16] A strong pair of Bishops.} Rxc1 27. Rxc1 Re8 28. Rc7 Kf8 29. Bc6 (29. a4 $142) 29... Bd8 $2 (29... Rd8 30. Bd5 (30. Bxb5 d5 $18) 30... Nh6) 30. Bxe8 Bxc7 31. Bxb5 {[%emt 0:00:04][%mdl 4096] Endgame aiming for b4. KBB-KBN} Ke7 32. Bc4 {[%emt 0:01:34] Bxf7 is the strong threat.} Nd8 33. Bd5 Ne6 (33... Kd7 $142 34. Be3 Nc6) 34. b4 Nf4 35. Bc6 d5 36. g3 (36. Kf1 $18 {and White stays clearly on top.}) 36... Kd6 (36... Ne2+ $16 {might work better.} 37. Kg2 Kd6) 37. Be8 ({Less strong is} 37. gxf4 Kxc6 38. fxe5 Bxe5 $16) 37... Nd3 {[%emt 0:02:38] [#] Prevents Bc5+.} 38. a3 d4 39. Kf1 {[%emt 0:02:14] Hoping for Ke2.} Nb2 (39... Kd5 $142 40. Bf7+ Kc6) 40. Ke2 Bd8 41. Bb5 {[%emt 0:00:51] Against d3+. And now a4 would win.} Kd5 42. f3 g5 43. h3 h5 $2 (43... Be7 44. Bb8 h5) 44. g4 hxg4 45. hxg4 Be7 46. Bd3 Na4 47. Kd2 Nc3 48. Bb8 Bf8 49. Bc7 (49. Bc2 $142) 49... Be7 50. Ba5 Kc6 51. Kc2 Kd5 52. Bh7 e4 $2 (52... Bd6 53. Bg8+ Kc6) 53. fxe4+ Nxe4 54. Bg8+ Ke5 $2 (54... Kd6 {was worth a try.} 55. Bh7 Kd5 56. Bxe4+ Kxe4) 55. Bc7+ Nd6 (55... Bd6 $142) 56. Kd3 Kf4 57. Be6 Kf3 58. Bxd6 {[%emt 0:00:13] White mates.} Bxd6 59. Kxd4 {[%emt 0:00:18] KB-KB} Kf4 60. Kc4 Ke5 61. Bf5 Be7 62. a4 Kd6 63. a5 Bf6 64. b5 Bd8 65. Kb4 Kc7 66. b6+ Kb7 67. Kb5 {[%emt 0:00:09] Weighted Error Value: White=0.26 (precise) /Black=0.59} 1-0

[Event "67th Mexican-ch Open 2022"]
[Site "Chihuahua"]
[Date "2022.04.16"]
[Round "7.27"]
[White "Ruiz Villalba, Andrea"]
[Black "Corrales Jimenez, Zenia"]
[Result "1/2-1/2"]
[ECO "B22"]
[WhiteElo "1831"]
[BlackElo "2151"]
[Annotator "TA"]
[PlyCount "87"]
[EventDate "2022.04.12"]
[EventType "swiss"]
[EventCountry "MEX"]
[SourceTitle "playchess.com"]
[Source "ChessBase"]
[SourceQuality "1"]
[TimeControl "5400+30"]

1. e4 c5 2. c3 d5 3. exd5 Qxd5 4. d4 Nf6 5. Nf3 g6 6. Na3 cxd4 {[%emt 0:03:55] B22: Sicilian: 2 c3.} 7. Nb5 {[%emt 0:02:54] And now Nc7+ would win.} (7. Bc4 $5 Qe4+ 8. Be3 $1 $14) 7... Na6 {[%emt 0:00:23] Prevents Nc7+.} 8. cxd4 {[%emt 0:10:53] With the idea Qa4.} Bg7 9. Be2 O-O 10. O-O Bg4 11. Nc3 Qd6 {[%emt 0:01:18] [#]} 12. Qb3 $146 ({Predecessor:} 12. h3 Bxf3 13. Bxf3 Rab8 14. Re1 Nc7 15. Bg5 Ne6 16. Be3 Rbd8 17. d5 Nc7 18. Qb3 Nfxd5 {½-½ (66) Chan,W (2348)-Ranola,Y (2399) Singapore 2010}) 12... Nc7 13. Be3 Be6 14. Qc2 ({Wrong is} 14. Qxb7 $2 Rfb8 15. Ne4 Rxb7 $19) 14... Rac8 15. Qd2 Ncd5 16. Rac1 Nxc3 17. bxc3 Ne4 18. Qb2 Bc4 19. Bxc4 Rxc4 20. Qxb7 Nxc3 {[%emt 0:00:06] Hoping for ...Ne2+.} 21. Rc2 {[%emt 0:01:09] Prevents Ne2+.} Rfc8 22. Kh1 Qb6 23. Qxb6 axb6 24. Rfc1 {[%emt 0:00:12] aiming for Bd2.} b5 {[%emt 0:00:24][%cal Oc3a2] White must now prevent ...Nxa2!} 25. Nd2 {[%emt 0:00:42] [#]} Nxa2 $1 26. Rxc4 bxc4 27. Rxc4 Rxc4 28. Nxc4 $11 {[%emt 0:00:08][%mdl 4096] Endgame KBN-KBN} Nc3 29. Kg1 {[%emt 0:02:32] [#]} (29. g4 $11) 29... Bxd4 $1 30. Bxd4 Ne2+ 31. Kf1 Nxd4 $17 {[%emt 0:00:05] KN-KN} 32. f4 h5 33. Kf2 Kg7 34. h3 Kf6 35. g4 h4 (35... g5 $17 36. Ke3 {[#]} hxg4 $1 37. hxg4 Nc6) 36. Ke3 $11 {[%emt 0:02:59] The position is equal.} Nc2+ 37. Ke4 g5 38. fxg5+ Kxg5 39. Ne5 Kf6 40. Nf3 e6 41. Nxh4 Ne1 {[%emt 0:00:08] ( -> ...Kg5)} 42. Kf4 Nd3+ 43. Ke3 Ne1 {[%emt 0:00:42] Strongly threatening ...Kg5.} 44. Kf4 {[%emt 0:00:09] Weighted Error Value: White=0.08 (flawless) /Black=0.04 (flawless)} 1/2-1/2

[Event "67th Mexican-ch Open 2022"]
[Site "Chihuahua"]
[Date "2022.04.17"]
[Round "8.1"]
[White "Cori, Jorge"]
[Black "Mareco, Sandro"]
[Result "0-1"]
[ECO "D38"]
[WhiteElo "2650"]
[BlackElo "2643"]
[Annotator "TA"]
[PlyCount "94"]
[EventDate "2022.04.12"]
[EventType "swiss"]
[EventCountry "MEX"]
[SourceTitle "playchess.com"]
[Source "ChessBase"]
[SourceQuality "1"]
[TimeControl "5400+30"]

1. d4 Nf6 2. c4 e6 3. Nf3 d5 4. Nc3 Bb4 5. Bg5 h6 6. Bxf6 Qxf6 7. cxd5 exd5 8. Rc1 O-O 9. a3 Bxc3+ 10. Rxc3 c6 {[%emt 0:00:47] [#] D38: Queen's Gambit Declined: Ragozin Defence (4 Nf3 Bb4).} 11. Rg1 $146 ({Predecessor:} 11. e3 Bg4 12. Qb3 Nd7 13. Qxb7 Rab8 14. Qxc6 Rxb2 15. Bd3 Qxc6 16. Rxc6 Rfb8 17. O-O R2b3 18. Ba6 Rxa3 19. Bc8 {½-½ (44) Bu,X (2644)-Jakovenko,D (2691) Wijk aan Zee 2007}) 11... Nd7 12. g4 Qd6 {[%emt 0:12:05] The position is equal.} 13. g5 {[%emt 0:08:18] Inhibits Nf6.} Re8 14. Qc2 Qf4 15. Rg3 Nf8 $1 16. gxh6 Qxh6 17. e3 Re4 (17... Nh7 $15 {is more appropriate.}) 18. Qb3 Re7 19. Bd3 {[%emt 0:00:08] Prevents Bf5.} Be6 20. Kd2 Qf6 21. Qd1 Bf5 22. Bxf5 Qxf5 23. Qg1 g6 24. h4 Nh7 25. Ne5 Nf6 (25... Kg7 $11) 26. f3 $14 Nh7 {Against Rg5} 27. Kc1 Rc8 28. b4 (28. Rg4 $14) 28... Rce8 (28... Ra8 $11) 29. Kb2 (29. f4 $1 $16) 29... a5 (29... Rxe5 $11 {remains equal.} 30. dxe5 Qxe5) 30. f4 (30. bxa5 $16 {Black must now prevent f4.} Qh5 31. a6) 30... axb4 $11 31. axb4 Ra8 32. h5 Qxh5 {aiming for ...Qe2+.} 33. Rc2 {[%emt 0:00:30][%cal Oe5f7] Against Qe2} b6 {Strongly threatening ...Rea7.} 34. Nxc6 (34. Rh2 Qf5 35. Nxf7 (35. Rgh3 Rea7 $17) 35... Rxf7 $17) (34. Nxg6 $5 Rea7 35. Ne5+ Kh8 36. Qh2 (36. Nxc6 $2 Ra2+ 37. Kb1 Ra1+ 38. Kb2 R1a2+ 39. Kb1 Ra1+ 40. Kb2 R8a2+ 41. Kb3 Rxg1 $19) 36... Ra2+ 37. Kc1 Ra1+ 38. Kb2 R8a2+ 39. Kc3 Ra3+ 40. Kb2 R1a2+ 41. Kc1 Ra1+ 42. Kb2 $11) 34... Rc7 $36 {[%mdl 2048] Black has the initiative.} 35. b5 Qf5 36. Qd1 (36. Rc3 $11) 36... Kg7 (36... Nf6 $5 37. Rh2 Kg7 $11) 37. Rh2 Qe6 $2 (37... Nf6 $11 38. Rgh3 Qe6) 38. Qd3 $2 ({White must play} 38. Qh5 $1 $18 Kf6 39. Qh4+ Kf5 40. Qxh7 Rxc6 41. Qh3+ Kf6 42. Qh4+ Kg7 43. Qh6+ Kf6 44. Qg5+ Kg7 45. f5 Rc2+ 46. Kxc2 Qc8+ 47. Kb2 Ra2+ 48. Kxa2 Qc4+ 49. Kb2 Qb4+ 50. Kc1 Qc3+ 51. Kd1 Qd3+ 52. Ke1) 38... Rxc6 39. bxc6 Qxc6 {Dancing on a razor blade.} 40. f5 $2 ({Wrong is} 40. Rgh3 $2 Nf6 41. e4 dxe4 $19) (40. Rg1 $11) 40... Qa4 $19 41. Rxh7+ Kxh7 42. fxg6+ {[%emt 0:00:30][%mdl 4096] Endgame [#] KQR-KQR} Kh6 $1 43. Rh3+ {[%emt 0:00:30] [#]} Kg5 $1 {( -> ...Qa1+)} ({And not} 43... Kg7 44. Rh7+ Kf8 45. Rh8+ (45. gxf7 {leads to mate.} Qa1+ 46. Kb3 Ra3+ 47. Kc2 Ra2+ 48. Kb3 Qb2#) 45... Kg7 46. Rxa8 Qxa8 47. gxf7 $11) 44. Rg3+ Kh4 {Black mates.} 45. Rh3+ Kxh3 46. Qf5+ Kh4 47. Qf4+ Kh5 {Weighted Error Value: White=0.82/Black=0.15 (very precise)} 0-1

[Event "67th Mexican-ch Open 2022"]
[Site "Chihuahua"]
[Date "2022.04.17"]
[Round "8.2"]
[White "Obregon Rivero, Juan Carlos"]
[Black "Quesada Perez, Luis Ernesto"]
[Result "0-1"]
[ECO "C45"]
[WhiteElo "2536"]
[BlackElo "2517"]
[Annotator "TA"]
[PlyCount "169"]
[EventDate "2022.04.12"]
[EventType "swiss"]
[EventCountry "MEX"]
[SourceTitle "playchess.com"]
[Source "ChessBase"]
[SourceQuality "1"]
[TimeControl "5400+30"]

1. e4 e5 2. Nf3 Nc6 3. d4 exd4 4. Nxd4 Nf6 5. Nxc6 bxc6 6. e5 Qe7 7. Qe2 Nd5 8. c4 Nb6 9. Nd2 Qe6 10. Qe4 a5 11. Be2 Bb4 12. a3 Bxd2+ 13. Bxd2 Ba6 14. Bxa5 Bxc4 15. Bxb6 Bd5 16. Qe3 cxb6 17. O-O O-O 18. Rfe1 f6 19. Bd3 Rae8 20. exf6 (20. Qxb6 {with more complications.} Qg4 21. Bf1 fxe5 22. Qc5) 20... Qxf6 21. Qd2 Bf7 22. Qc2 g6 23. Rxe8 Rxe8 24. Qc3 Qxc3 25. bxc3 b5 26. Kf1 Bb3 27. Rb1 Bd5 28. f3 Kf7 29. Re1 Ra8 30. Ra1 Kf6 31. Ke2 Ra4 32. g3 h6 33. h4 g5 34. hxg5+ hxg5 35. Ke3 Ke5 36. Be2 Ra8 37. Kd2 Be6 38. Bd1 d5 (38... Ra5 $15 {is more appropriate.}) 39. Bc2 Rh8 40. f4+ gxf4 41. Re1+ Kf6 42. gxf4 Rh4 43. a4 bxa4 44. Bxa4 c5 45. Rf1 Rh2+ 46. Kc1 Ra2 47. Bd1 $1 Bf5 48. Rh1 Be4 49. Rh6+ Kf5 50. Bb3 Ra1+ 51. Kb2 (51. Kd2 $15) 51... Rb1+ $17 52. Ka2 c4 ({Of course not} 52... Kxf4 $6 53. Rh4+ (53. Bxd5 $2 Rh1 $19) 53... Kg5 54. Rxe4 Rxb3 55. Re5+ Kf4 56. Rxd5 Rxc3 57. Kb2 $11) 53. Ba4 Rb8 54. Ka3 Kxf4 55. Rh3 Rb6 56. Be8 $2 (56. Bd1 $17) 56... Bd3 $2 (56... Bg2 $19 {has better winning chances.} 57. Rh4+ Kg3) 57. Bf7 $17 Rb3+ 58. Ka2 $2 (58. Ka4 $17) 58... Bb1+ $19 59. Ka1 Be4 60. Ka2 (60. Rh5 $142 Bf3 61. Rxd5 Bxd5 62. Bxd5 Ra3+ 63. Kb1) 60... Rb7 61. Be8 Rb6 $2 (61... Ra7+ $19 62. Kb2 Rb7+ 63. Ka2 Ra7+ 64. Kb2 Kg4) 62. Bf7 $2 (62. Ka3 $1 $11) 62... Rf6 $19 63. Be8 Bf5 (63... Re6 $142 64. Bb5 Rb6) 64. Rh1 (64. Rh4+ $142 Ke3 65. Rd4) 64... Ke3 65. Ka3 Rb6 66. Bf7 Be4 67. Rd1 $2 (67. Rh5) 67... Rb3+ $19 68. Ka2 Bf3 69. Re1+ Kd2 70. Re5 Rb7 71. Bg8 Kc2 72. Ka3 Rb3+ 73. Ka4 Rxc3 74. Bxd5 Bxd5 75. Rxd5 Rd3 76. Rh5 c3 77. Ka3 Kc1 $1 (77... Kd1 78. Rh1+ Kc2 79. Ka2 $11) 78. Rh1+ {[%emt 0:00:33] [#]} Rd1 $1 79. Rh2 c2 80. Ka2 Rd8 81. Rh1+ Kd2 82. Rh2+ Kc3 83. Rh3+ {[%emt 0:00:16] [#]} Rd3 $1 84. Rh1 Rd1 85. Rh4 0-1

[Event "67th Mexican-ch Open 2022"]
[Site "Chihuahua"]
[Date "2022.04.17"]
[Round "8.3"]
[White "Cori Quispe, Kevin Joel"]
[Black "Gonzalez Zamora, Juan Carlos"]
[Result "1-0"]
[ECO "B06"]
[WhiteElo "2492"]
[BlackElo "2544"]
[Annotator "TA"]
[PlyCount "51"]
[EventDate "2022.04.12"]
[EventType "swiss"]
[EventCountry "MEX"]
[SourceTitle "playchess.com"]
[Source "ChessBase"]
[SourceQuality "1"]
[TimeControl "5400+30"]

1. e4 g6 2. d4 Bg7 3. Nc3 c6 4. f4 d6 5. Nf3 Bg4 6. Be3 Qb6 7. Qd2 d5 {[%emt 0:01:55] B06: Modern Defence.} 8. Ne5 Be6 {[%emt 0:01:19] [#]} (8... Bxe5 $2 9. dxe5 (9. Na4 Qc7 $16) 9... Qd8 10. exd5 $18) ({Black should play} 8... Nf6) 9. Bd3 $146 {[%emt 0:05:09] &Bianco is more active.} ({Predecessor:} 9. Na4 Qc7 10. Nc5 Nd7 11. Nxe6 fxe6 12. Nxd7 Kxd7 13. e5 Nh6 14. Be2 Nf5 15. g4 Nxe3 16. Qxe3 Qa5+ 17. c3 {1-0 (17) Stenius,M (1800)-Griffin,B (1800) ICCF email 2008}) 9... Nf6 {[%emt 0:03:00] White is clearly better.} 10. O-O-O (10. f5 $18 Bc8 11. O-O-O) 10... Qa5 {[%emt 0:03:31] Prevents Na4. This move loses the game for Black.} (10... Ng4 $16) 11. f5 $18 Bc8 12. Bh6 O-O (12... Bf8 13. exd5 Nxd5) 13. Bxg7 Kxg7 14. h4 {[%emt 0:00:27][%cal Oh4h5] Threatens to win with h5!} h6 15. fxg6 dxe4 {[%emt 0:01:17] [#]} 16. Nxe4 (16. Nxf7 $142 $1 Rxf7 (16... Ng4 17. Qe2) 17. gxf7) 16... Qxa2 $2 (16... Qxd2+ 17. Nxd2 c5) 17. Nc3 Qa1+ 18. Nb1 {[%emt 0:00:05] Dancing on a razor blade.} Be6 19. gxf7 {[%emt 0:00:21][%cal Oh1h3] aiming for Rh3!} Nbd7 20. Qf4 {[%emt 0:03:27] Qg3+ is the strong threat.} Rxf7 21. Nxf7 Kxf7 22. Rde1 Ba2 23. c3 {[%emt 0:03:09] And now Rhf1 would win.} Rg8 24. Re2 Nb6 25. Qe5 Nbd5 26. c4 {[%emt 0:01:54] Weighted Error Value: White=0.25 (precise) /Black=1.23} (26. Rf1 $142 Kg7 {[#]} 27. Rxf6 $1 exf6 28. Qf5 Qxb1+ 29. Bxb1 Bxb1 30. Kxb1) 1-0